 Dungeon Crawl Stone Soup version 0.21.0-3-g78d12a8 (webtiles) character file.

308796 Megalobster the Executioner (level 20, -4/192 HPs)
             Began as a Minotaur Berserker on Jan 12, 2018.
             Was a High Priest of Trog.
             Slain by Mennas
             ... wielding a +2 trishula of holy wrath
              (13 damage)
             ... on level 4 of the Vaults.
             The game lasted 03:47:08 (50697 turns).

Megalobster the Executioner (Minotaur Berserker)   Turns: 50697, Time: 03:47:09

Health: -4/192     AC: 32    Str: 35    XL:     20   Next: 36%
Magic:  27/27      EV: 16    Int:  4    God:    Trog [*****.]
Gold:   2650       SH:  0    Dex: 11    Spells: 19/19 levels left

rFire    . . .     SeeInvis .   a - +5 battleaxe (vamp)
rCold    + . .     Gourm    +   (shield currently unavailable)
rNeg     . . .     Faith    .   r - +0 plate armour
rPois    +         Spirit   .   v - +2 hat {MR+}
rElec    +         Reflect  .   x - +2 cloak {rPois}
rCorr    +         Harm     .   B - +2 pair of gloves {Str+3}
MR       ++...                  e - +1 pair of boots {Stlth+}
Stlth    ..........             X - amulet of the gourmand
HPRegen  0.42/turn              L - ring of Zuiwodio {rElec rC+ AC+3 Dex-3 Stlth+}
MPRegen  0.20/turn              i - ring of resist corrosion

@: mighty, berserk cooldown, hasted and slowed, glowing, drained
A: retaliatory headbutt, horns 2
}: 2/15 runes: serpentine, barnacled
a: Berserk, Trog's Hand, Brothers in Arms, Burn Spellbooks, Renounce Religion


You were on level 4 of the Vaults.
You worshipped Trog.
Trog was extremely pleased with you.
You were very full.

You visited 7 branches of the dungeon, and saw 36 of its levels.
You visited 1 bazaar.
You also visited: Ice Cave.

You collected 4518 gold pieces.
You spent 1868 gold pieces at shops.

Inventory:

Hand Weapons
 a - a +5 vampiric battleaxe (weapon)
 b - a +1 executioner's axe of electrocution
 j - a +3 antimagic battleaxe
Missiles
 l - 66 poisoned javelins (quivered)
 s - 80 tomahawks
Armour
 e - a +1 pair of boots of stealth (worn)
 q - a +1 hat of see invisible
 r - a +0 plate armour (worn)
 v - a +2 hat of magic resistance (worn)
 x - a +2 cloak of poison resistance (worn)
 B - a +2 pair of gloves of strength (worn)
Jewellery
 g - an uncursed ring of fire
 i - a ring of resist corrosion (right hand)
 y - an uncursed ring of ice
 D - a +3 ring of slaying
 L - the ring of Zuiwodio (left hand) {rElec rC+ AC+3 Dex-3 Stlth+}
   (You found it on level 9 of the Dungeon)

   [ring of protection]

   It affects your AC (+3).
   It affects your dexterity (-3).
   It protects you from cold.
   It insulates you from electricity.
   It makes you more stealthy.
 T - an uncursed ring of see invisible
 X - an amulet of the gourmand (around neck)
Wands
 u - a wand of acid (46)
 C - a wand of paralysis (37)
 G - a wand of scattershot (4)
 J - a wand of random effects (19)
 O - a wand of disintegration (26)
 W - a wand of iceblast (5)
 Z - a wand of flame (12)
Scrolls
 f - 19 scrolls of teleportation
 k - 12 scrolls of remove curse {@r2}
 m - a scroll of summoning
 w - 3 scrolls of fear
 F - 9 scrolls of fog
 I - 2 scrolls of blinking
 K - a scroll of magic mapping
 S - 5 scrolls of identify {@r1}
Potions
 d - 16 potions of curing {@q1}
 h - 2 potions of resistance
 n - a potion of heal wounds
 o - 3 potions of invisibility
 p - 9 potions of lignification
 z - 2 potions of agility
 A - a potion of ambrosia
 H - 9 potions of haste
 M - 4 potions of mutation
 N - 2 potions of flight
 P - a potion of might
Miscellaneous
 t - a lamp of fire
 R - a lightning rod (4/4)
 Y - a phial of floods
Comestibles
 c - 24 rations


   Skills:
 * Level 19.6(19.2) Fighting
 - Level 21.8(21.4) Axes
 - Level 12.1(11.7) Throwing
 + Level 17.2(16.8) Armour
 + Level 16.7(16.3) Dodging
 - Level 11.3(11.0) Evocations


You had 19 spell levels left.
You didn't know any spells.

Dungeon Overview and Level Annotations

Branches:
Dungeon (15/15)            Temple (1/1) D:6            Lair (6/6) D:8
 Shoals (4/4) Lair:3        Snake (4/4) Lair:3        Slime (0/5) Lair:5
    Orc (2/2) D:11            Elf (0/3) Orc:2        Vaults (4/5) D:13
  Crypt (0/3) Vaults:3     Depths (0/5) D:15

Altars:
Ashenzari
Cheibriados
Dithmenos
Elyvilon
Fedhas
Gozag
Hepliaklqana
Kikubaaqudgha
Makhleb
Nemelex Xobeh
Okawaru
Qazlal
Ru
Sif Muna
Trog
Uskayaw
Vehumet
Wu Jian
Xom
Yredelemnul
Zin
The Shining One
Beogh

Shops:
D:4 *   D:7 (   D:8 *   D:11 %   Orc:2 **[[   Shoals:4 =   Vaults:2 ?

Annotations:
Vaults:4 Mennas


Innate Abilities, Weirdness & Mutations

You reflexively headbutt those who attack you in melee.
You have a pair of horns on your head.


Message History

You regained 2 hp, and now have 46/192 hp.
You feel yourself speed up. Mennas hits you but does no damage. x2
Mennas hits you with a trishula of holy wrath!
* * * LOW HITPOINT WARNING * * *
Mennas hits you but does no damage.
You take 8 damage, and have 38/192 hp.
Mennas hits you from afar with a trishula of holy wrath!
* * * LOW HITPOINT WARNING * * *
Mennas barely misses you.
Mennas hits you from afar with a trishula of holy wrath!
* * * LOW HITPOINT WARNING * * *
Mennas hits you but does no damage.
You take 19 damage, and have 19/192 hp.
Your skin stops crawling.
You feel less resistant to hostile enchantments.
Mennas gestures at you.
Mennas hits you from afar with a trishula of holy wrath!
* * * LOW HITPOINT WARNING * * *
Mennas hits you from afar with a trishula of holy wrath!
You die...

#.... #.#.#.#.+[..#.#...... #....
#.#.#.#.#####.#......
#....########.#.#A#.....#.#......
#.............#.#'#(>.#'#.#......
#.............#.#...))#.#.#.)....
#.............#.#####)#.#.#......
#.............#.#...'(#.#.#......
#.............#.#####'###.#......
#.............#.@.A..(....#......
#............†#############......
#................................
#................................
#................................
#################################


You could see Mennas.

Vanquished Creatures
  2 tentacled monstrosities
  An Ice Fiend (IceCv)
  A lich (Vaults:1)
  2 krakens
  The ghost of Dirian the Slayer, an adept MiFi of Makhleb (Snake:3)
  3 sphinxes
  A tengu reaver (Vaults:1)
  Kirke (Snake:1)
  7 nagarajas
  Ilsuiw (Shoals:4)
  5 frost giants
  An iron dragon (Vaults:4)
  A ghoul (Vaults:3)
  4 vault wardens
  Aizul (Vaults:4)
  3 ironheart preservers
  11 stone giants
  2 entropy weavers
  A deep elf annihilator (Vaults:2)
  A dire elephant (D:15)
  An ettin (Vaults:4)
  8 merfolk javelineers
  8 fire dragons
  Harold (Lair:1)
  9 merfolk impalers
  3 yaktaur captains
  2 rakshasas
  11 naga warriors
  Erolcha (Orc:1)
  5 vault guards
  2 merfolk avatars
  5 hydras
  A catoblepas (Lair:4)
  2 ice dragons (Vaults:2)
  9 centaur warriors
  2 merfolk aquamancers (Shoals:4)
  A death knight (Vaults:4)
  3 alligator snapping turtles
  26 two-headed ogres
  2 tengu warriors (D:15)
  6 ogre magi
  8 naga sharpshooters
  7 anacondas
  5 orc high priests (Orc:2)
  3 deep elf knights
  7 shock serpents
  Nergalle (Lair:3)
  A shadow wraith (Vaults:1)
  A salamander mystic (Snake:4)
  A deep troll (Vaults:3)
  A storm dragon skeleton (Vaults:3)
  6 sea snakes
  3 flayed ghosts
  2 unseen horrors (D:14)
  A naga ritualist (Snake:1)
  3 deep elf archers
  2 phantasmal warriors (Vaults:4)
  17 harpies
  2 glowing orange brains (Vaults:1)
  19 ironbrand convokers
  4 lindwurms (Lair:2)
  A harpy (shapeshifter) (Vaults:2)
  5 wizards
  5 necromancers
  11 orc knights
  8 mana vipers
  3 wolf spiders
  7 fauns
  8 deep elf magi
  A fire giant zombie (Vaults:4)
  21 ugly things
  4 orc sorcerers
  A cyclops (shapeshifter) (Vaults:4)
  20 manticores
  A stone giant zombie (Vaults:4)
  19 cyclopes
  A shadow dragon skeleton (Vaults:3)
  A salamander (shapeshifter) (Vaults:1)
  6 elephants
  10 salamanders
  Maurice (D:8)
  2 guardian serpents (shapeshifter)
  12 vault sentinels
  8 merfolk sirens
  23 black mambas
  2 guardian serpents
  An ice statue (IceCv)
  16 naga magi
  6 water nymphs
  10 spiny frogs
  A gargoyle (D:15)
  A kobold demonologist (D:14)
  A yaktaur zombie (Vaults:4)
  8 anaconda simulacra (IceCv)
  A torpor snail (Lair:6)
  10 rime drakes
  14 yaktaurs
  2 human zombies
  9 freezing wraiths
  4 komodo dragons
  A komodo dragon (shapeshifter) (Vaults:2)
  8 ice devils (IceCv)
  A golden dragon simulacrum (IceCv)
  7 wind drakes
  24 merfolk
  5 polar bears (Lair:6)
  A meliai (shapeshifter) (D:13)
  9 trolls
  3 meliai (D:14)
  A tengu simulacrum (Vaults:2)
  A blink frog (shapeshifter) (Vaults:3)
  A jumping spider (Vaults:3)
  A shadow dragon simulacrum (Vaults:3)
  11 hornets
  34 blink frogs
  14 snapping turtles
  20 hippogriffs
  10 dream sheep
  A harpy skeleton (D:15)
  An ettin zombie (Vaults:4)
  A stone giant simulacrum (Vaults:3)
  16 slime creatures
  A vampire (D:15)
  5 shadows
  13 yaks
  A spriggan (shapeshifter) (Vaults:1)
  16 spriggans
  4 redbacks (Vaults:4)
  4 water elementals
  4 wraiths
  3 dire elephant simulacra (IceCv)
  7 wyverns
  An ettin skeleton (Vaults:4)
  3 hogs (Snake:1)
  19 humans (D:13)
  6 basilisks
  2 steam dragons
  A hungry ghost (D:11)
  59 nagas
  A harpy simulacrum (IceCv)
  A warg (Vaults:4)
  3 iron troll simulacra (IceCv)
  An acid dragon (D:7)
  2 soldier ants
  The ghost of dscm the Grave Robber, an amateur OpNe (D:4)
  3 hydra simulacra (IceCv)
  14 water moccasins
  14 porcupines
  6 ice beasts
  2 sky beasts
  37 orc warriors
  2 phantoms
  7 black bears
  4 eyes of draining
  4 boggarts
  An ettin simulacrum (Vaults:1)
  11 centaurs
  A necrophage (D:9)
  33 ogres
  26 wolves
  12 crocodiles
  A human skeleton (Vaults:4)
  2 big kobolds
  16 bullfrogs
  A gnoll sergeant (D:7)
  4 scorpions
  10 wights
  2 human simulacra (Vaults:4)
  11 killer bees
  2 electric eels (Lair:5)
  8 howler monkeys
  6 crimson imps
  3 bullfrog zombies
  4 jellies
  A quasit (D:8)
  2 draconian simulacra (IceCv)
  26 orc priests
  3 centaur zombies
  3 hounds
  5 centaur skeletons
  13 orc wizards
  A bullfrog skeleton (D:11)
  3 iguanas
  12 worker ants
  A spriggan simulacrum (IceCv)
  3 troll simulacra (IceCv)
  A killer bee zombie (D:8)
  A wolf simulacrum (IceCv)
  2 centaur simulacra (IceCv)
  A hound zombie (D:7)
  A worker ant zombie (D:10)
  13 adders
  9 gnolls
  2 naga simulacra (IceCv)
  2 ogre simulacra (IceCv)
  5 shadow imps
  7 white imps (IceCv)
  7 ufetubi (IceCv)
  2 oozes
  An adder zombie (D:7)
  An adder skeleton (D:5)
  4 worms
  3 dart slugs
  7 leopard geckos
  74 orcs
  4 ball pythons
  15 bats
  5 giant cockroaches
  8 hobgoblins
  13 jackals
  16 kobolds
  6 quokkas
  7 frilled lizards
  7 goblins
  A jackal skeleton (D:7)
  A jackal zombie (D:9)
  A quokka zombie (D:5)
  6 rats
  7 fungi
  40 plants
  4 tentacles
1450 creatures vanquished.

Vanquished Creatures (collateral kills)
  A merfolk impaler (Shoals:4)
  A naga warrior (Snake:3)
  A hydra (D:14)
  An anaconda (Snake:2)
  2 death yaks (Lair:6)
  A shock serpent (Snake:2)
  2 orc knights (Orc:2)
  An ironbrand convoker (Vaults:4)
  A necromancer (Vaults:4)
  A mana viper (Snake:3)
  A manticore (Shoals:4)
  2 black mambas
  3 elephants (Lair:6)
  A naga mage (Snake:3)
  A vault sentinel (Vaults:2)
  A yaktaur (Vaults:4)
  A freezing wraith (Vaults:4)
  A dream sheep (Shoals:4)
  4 yaks (Lair:6)
  6 nagas
  2 water moccasins
  6 orc warriors (Orc:2)
  A bullfrog (Lair:4)
  An orc priest (Orc:2)
  2 orcs (Orc:2)
45 creatures vanquished.

Vanquished Creatures (others)
  An ogre mage (Vaults:2)
  2 humans (Snake:1)
  A bush (Lair:6)
  35 fungi
  37 plants
  9 tentacles
85 creatures vanquished.

Grand Total: 1580 creatures vanquished

Notes
Turn   | Place    | Note
-------+----------+-------------------------------------------
     0 | D:1      | Megalobster the Minotaur Berserker began the quest for the Orb.
     0 | D:1      | Reached XP level 1. HP: 19/19 MP: 0/0
    68 | D:1      | Reached XP level 2. HP: 25/27 MP: 1/1
    88 | D:1      | Reached skill level 4 in Axes
   362 | D:1      | Reached ** piety under Trog
   520 | D:1      | Reached XP level 3. HP: 32/33 MP: 2/2
  1274 | D:2      | Reached XP level 4. HP: 33/40 MP: 3/3
  2121 | D:3      | Reached skill level 5 in Axes
  2132 | D:3      | Reached XP level 5. HP: 47/47 MP: 4/4
  2607 | D:3      | Found a deep blue altar of Sif Muna.
  2697 | D:4      | Reached *** piety under Trog
  2711 | D:4      | Reached XP level 6. HP: 53/55 MP: 5/5
  2738 | D:4      | Reached skill level 5 in Fighting
  2738 | D:4      | Reached skill level 6 in Axes
  2946 | D:4      | Found Qusoirhe's Elemental Accessories.
  2996 | D:4      | Reached XP level 7. HP: 61/61 MP: 6/6
  3086 | D:4      | Noticed dscm's ghost (amateur OpNe)
  3101 | D:4      | Killed dscm's ghost
  3101 | D:4      | Reached skill level 7 in Axes
  3119 | D:4      | Got an ichor-stained hand axe
  3120 | D:4      | Identified the +9 hand axe of the Middle {chop, rC+ MP+9 Int+2} (You found it on level 4 of the Dungeon)
  3481 | D:5      | Entered Level 5 of the Dungeon
  3531 | D:5      | Found a sacrificial altar of Ru.
  3672 | D:5      | Reached skill level 5 in Armour
  4226 | D:6      | Found a radiant altar of Vehumet.
  4241 | D:6      | Reached skill level 1 in Evocations
  4262 | D:6      | Found a staircase to the Ecumenical Temple.
  4271 | Temple   | Entered the Ecumenical Temple
  4398 | D:6      | Found a shimmering altar of Xom.
  4532 | D:6      | Reached XP level 8. HP: 70/70 MP: 8/8
  4981 | D:7      | Reached skill level 8 in Axes
  4982 | D:7      | Reached skill level 5 in Dodging
  5737 | D:7      | Found a hide-covered altar of Uskayaw.
  5746 | D:7      | Found Xoib's Weapon Shoppe.
  5946 | D:8      | Reached skill level 9 in Axes
  5954 | D:8      | Reached **** piety under Trog
  5960 | D:8      | Reached XP level 9. HP: 78/78 MP: 10/10
  6112 | D:8      | Found an opulent altar of Gozag.
  6115 | D:8      | Found a shadowy altar of Dithmenos.
  6116 | D:8      | Found a basalt altar of Yredelemnul.
  6116 | D:8      | Found a shattered altar of Ashenzari.
  6138 | D:8      | Noticed a two-headed ogre
  6143 | D:8      | Killed a two-headed ogre
  6346 | D:8      | Found Nuekhlo's Assorted Antiques.
  6446 | D:8      | Reached skill level 10 in Axes
  6446 | D:8      | Reached skill level 5 in Evocations
  6529 | D:8      | Bought a pair of embroidered gloves for 180 gold pieces
  6542 | D:8      | Noticed a two-headed ogre
  6548 | D:8      | Killed a two-headed ogre
  6599 | D:8      | Noticed a two-headed ogre
  6603 | D:8      | Killed a two-headed ogre
  6603 | D:8      | Reached XP level 10. HP: 88/88 MP: 13/13
  6605 | D:8      | Noticed Maurice
  6607 | D:8      | Paralysed by Maurice for 2 turns
  6611 | D:8      | Killed Maurice
  6681 | D:8      | Found a staircase to the Lair.
  6878 | D:7      | Noticed a two-headed ogre
  6881 | D:7      | Killed a two-headed ogre
  6881 | D:7      | Reached skill level 11 in Axes
  6951 | D:7      | Noticed a fire dragon
  6952 | D:7      | Noticed a wizard
  6964 | D:7      | Killed a wizard
  6968 | D:7      | Killed a fire dragon
  7173 | D:7      | Noticed a green ugly thing
  7189 | D:7      | Killed a green ugly thing
  7189 | D:7      | Reached XP level 11. HP: 95/95 MP: 15/15
  7750 | D:9      | Got a warped iron ring
  7780 | D:9      | Identified the ring of Zuiwodio {rElec rC+ AC+3 Dex-3 Stlth+} (You found it on level 9 of the Dungeon)
  8048 | D:9      | Found a sparkling altar of Nemelex Xobeh.
  8274 | Lair:1   | Entered Level 1 of the Lair of Beasts
  8510 | Lair:1   | Reached skill level 12 in Axes
  8897 | Lair:1   | Noticed Harold
  8908 | Lair:1   | Killed Harold
  9039 | Lair:1   | Identified a scroll of acquirement
  9364 | Lair:2   | Received a gift from Trog
  9409 | Lair:2   | Noticed a four-headed hydra
  9421 | Lair:2   | Killed a four-headed hydra
  9465 | Lair:2   | Noticed a seven-headed hydra
  9477 | Lair:2   | Killed a seven-headed hydra
  9538 | Lair:2   | Noticed a four-headed hydra
  9554 | Lair:2   | Killed a four-headed hydra
 10186 | Lair:2   | Reached skill level 13 in Axes
 10426 | Lair:2   | Reached XP level 12. HP: 106/106 MP: 17/17
 10446 | Lair:2   | Reached skill level 10 in Fighting
 10743 | Lair:3   | Noticed Nergalle
 10752 | Lair:3   | Killed Nergalle
 10762 | Lair:3   | Found a staircase to the Snake Pit.
 10919 | Lair:3   | Reached skill level 10 in Armour
 11321 | Lair:3   | Found a deep blue altar of Sif Muna.
 11573 | Lair:3   | Found a staircase to the Shoals.
 12739 | Lair:4   | Reached skill level 14 in Axes
 12860 | Lair:4   | Reached skill level 10 in Evocations
 12869 | Lair:4   | Reached XP level 13. HP: 115/115 MP: 19/19
 13223 | Lair:4   | Reached skill level 10 in Dodging
 14295 | Lair:5   | Found a staircase to the Slime Pits.
 14784 | Lair:6   | Entered Level 6 of the Lair of Beasts
 14848 | Lair:5   | Reached skill level 15 in Axes
 15744 | Lair:6   | Reached ***** piety under Trog
 16289 | Lair:6   | Received a gift from Trog
 16556 | Lair:6   | Reached XP level 14. HP: 121/125 MP: 21/21
 17594 | Lair:6   | Reached skill level 16 in Axes
 18152 | D:10     | Entered Level 10 of the Dungeon
 18175 | D:10     | Found a large runed door.
 18176 | D:10     | Found a large runed door.
 18183 | D:10     | Got a twitching copper ring
 18185 | D:10     | Identified the ring of Boac {Wiz +Inv Dex+3} (You found it on level 10 of the Dungeon)
 18208 | D:10     | Found a large runed door.
 18208 | D:10     | Found a large runed door.
 18980 | D:10     | Received a gift from Trog
 19310 | D:11     | Found Ocousch's Food Shoppe.
 19557 | D:11     | Found a staircase to the Orcish Mines.
 20327 | Orc:1    | Entered Level 1 of the Orcish Mines
 20384 | Orc:1    | Found a roughly hewn altar of Beogh.
 20440 | Orc:1    | Noticed Erolcha
 20449 | Orc:1    | Killed Erolcha
 20683 | Orc:2    | Entered Level 2 of the Orcish Mines
 20918 | Orc:2    | Found a staircase to the Elven Halls.
 21409 | Orc:2    | Received a gift from Trog
 21432 | Orc:2    | Received a gift from Trog
 21645 | Orc:2    | Reached skill level 17 in Axes
 22424 | Orc:2    | Received a gift from Trog
 22557 | Orc:2    | Found Xusse's Armour Shoppe.
 22557 | Orc:2    | Found Qocvaogoj's Antique Armour Shoppe.
 22558 | Orc:2    | Found Jytuwn's General Store.
 22558 | Orc:2    | Found Balosur's Assorted Antiques.
 22567 | Orc:2    | Bought a scroll of teleportation for 39 gold pieces
 22567 | Orc:2    | Bought a scroll of identify for 26 gold pieces
 22567 | Orc:2    | Bought a scroll of enchant armour for 97 gold pieces
 22569 | Orc:2    | Bought a scroll labeled WOIGON WEOT for 33 gold pieces
 22572 | Orc:2    | Bought a scroll of enchant weapon for 247 gold pieces
 22572 | Orc:2    | Bought a scroll of enchant armour for 247 gold pieces
 22572 | Orc:2    | Bought a scroll of enchant weapon for 247 gold pieces
 23263 | D:12     | Received a gift from Trog
 23739 | D:13     | Reached XP level 15. HP: 135/135 MP: 22/22
 23836 | D:13     | Reached skill level 1 in Throwing
 24715 | D:13     | Found a gate to the Vaults.
 24715 | D:13     | Paralysed by a wizard for 7 turns
 25463 | D:14     | Reached ****** piety under Trog
 25635 | D:14     | Reached skill level 18 in Axes
 25972 | D:14     | Reached skill level 5 in Throwing
 26085 | D:14     | Found an opulent altar of Gozag.
 26140 | D:14     | Received a gift from Trog
 26362 | D:15     | Entered Level 15 of the Dungeon
 26420 | D:15     | Received a gift from Trog
 26689 | D:15     | Found Yfyaffen's Antique Armour Shop.
 26931 | D:15     | Found a staircase to the Depths.
 27663 | Snake:1  | Entered Level 1 of the Snake Pit
 28208 | Snake:1  | Received a gift from Trog
 28208 | Snake:1  | Reached skill level 19 in Axes
 28265 | Snake:1  | Noticed Kirke
 28275 | Snake:1  | Killed Kirke
 28363 | Snake:1  | Reached XP level 16. HP: 143/143 MP: 23/23
 28365 | Snake:1  | Received a gift from Trog
 28627 | Snake:1  | You fall through a shaft!
 29189 | Snake:2  | Found a hide-covered altar of Uskayaw.
 29857 | Snake:3  | Noticed Dirian's ghost (adept MiFi)
 29871 | Snake:3  | Killed Dirian's ghost
 29871 | Snake:3  | Reached skill level 10 in Throwing
 30076 | Snake:3  | Reached skill level 20 in Axes
 30378 | Snake:3  | Received a gift from Trog
 31679 | Snake:4  | Entered Level 4 of the Snake Pit
 32484 | Snake:4  | Received a gift from Trog
 33498 | Snake:4  | Received a gift from Trog
 33508 | Snake:4  | Reached XP level 17. HP: 150/150 MP: 24/24
 33610 | Snake:4  | Received a gift from Trog
 34187 | Snake:4  | Got a serpentine rune of Zot
 34975 | Shoals:1 | Entered Level 1 of the Shoals
 36316 | Shoals:2 | Received a gift from Trog
 36385 | Shoals:2 | Reached skill level 21 in Axes
 37583 | Shoals:2 | Found a radiant altar of Vehumet.
 37592 | Shoals:2 | Noticed a kraken
 37602 | Shoals:2 | Killed a kraken
 37704 | Shoals:3 | Noticed a kraken
 37726 | Shoals:3 | Received a gift from Trog
 37738 | Shoals:3 | Killed a kraken
 37926 | Shoals:3 | Found a frozen archway.
 37949 | IceCv    | Entered an ice cave
 38624 | IceCv    | Received a gift from Trog
 38973 | IceCv    | Noticed an Ice Fiend
 39246 | IceCv    | Killed an Ice Fiend
 39321 | IceCv    | Got a faintly glowing granite ring
 39349 | IceCv    | Got a polished trident
 39351 | IceCv    | Identified the ring "Neptif" {*Corrode rF+ rN+ Str+2} (You found it in an ice cave)
 39590 | IceCv    | Identified the +3 trident "Giantslayer" {pain, *Rage rPois rF+ Dex+3} (You found it in an ice cave)
 40275 | Shoals:4 | Entered Level 4 of the Shoals
 40300 | Shoals:4 | Reached XP level 18. HP: 161/161 MP: 25/25
 40318 | Shoals:4 | Noticed Ilsuiw
 40358 | Shoals:4 | Received a gift from Trog
 40679 | Shoals:4 | Killed Ilsuiw
 41317 | Shoals:4 | Received a gift from Trog
 41470 | Shoals:4 | Found Jogoziff's Jewellery Emporium.
 41720 | Shoals:4 | Reached skill level 15 in Fighting
 41853 | Shoals:4 | Got a barnacled rune of Zot
 42830 | Vaults:1 | Entered Level 1 of the Vaults
 43499 | Vaults:1 | Found a radiant altar of Vehumet.
 43499 | Vaults:1 | Noticed a lich
 43507 | Vaults:1 | Killed a lich
 43507 | Vaults:1 | Reached skill level 15 in Armour
 44006 | Vaults:1 | Received a gift from Trog
 44454 | Vaults:1 | Reached skill level 15 in Dodging
 45076 | Vaults:1 | Reached XP level 19. HP: 172/174 MP: 26/26
 45314 | Vaults:2 | Received a gift from Trog
 46026 | Vaults:2 | Found Loran's Magic Scroll Shop.
 46100 | Vaults:2 | Received a gift from Trog
 46948 | Vaults:3 | Found a flickering gateway to a bazaar.
 46957 | Bazaar   | Entered a bazaar
 47022 | Bazaar   | Found Toygitus's General Store.
 47028 | Bazaar   | Bought a scroll of summoning for 76 gold pieces
 47041 | Bazaar   | Found Imexe's Armour Shoppe.
 47059 | Bazaar   | Found Qoadufif's Food Boutique.
 47076 | Bazaar   | Found Nupseuk's Antique Weapon Emporium.
 47098 | Bazaar   | Bought a potion of haste for 80 gold pieces
 47098 | Bazaar   | Bought a potion of curing for 24 gold pieces
 47098 | Bazaar   | Bought a potion of agility for 32 gold pieces
 47128 | Bazaar   | Bought a ration for 45 gold pieces
 47128 | Bazaar   | Bought a ration for 45 gold pieces
 47128 | Bazaar   | Bought a ration for 45 gold pieces
 47128 | Bazaar   | Bought a ration for 45 gold pieces
 47128 | Bazaar   | Bought a ration for 45 gold pieces
 47128 | Bazaar   | Bought a ration for 45 gold pieces
 47128 | Bazaar   | Bought a ration for 45 gold pieces
 47128 | Bazaar   | Bought a ration for 45 gold pieces
 47128 | Bazaar   | Bought a ration for 45 gold pieces
 47128 | Bazaar   | Bought a ration for 45 gold pieces
 47128 | Bazaar   | Bought a ration for 45 gold pieces
 47128 | Bazaar   | Bought a ration for 45 gold pieces
 47285 | Vaults:3 | Received a gift from Trog
 47590 | Vaults:3 | Received a gift from Trog
 47810 | Vaults:3 | Found a staircase to the Crypt.
 48704 | Vaults:3 | Received a gift from Trog
 49034 | Vaults:4 | Reached XP level 20. HP: 165/189 MP: 27/27
 49776 | Vaults:4 | Received a gift from Trog
 50468 | Vaults:4 | Noticed Aizul
 50491 | Vaults:4 | Killed Aizul
 50627 | Vaults:4 | Noticed Mennas
 50697 | Vaults:4 | HP: 9/192 [Mennas/trishula of holy wrath (12)]
 50697 | Vaults:4 | Slain by Mennas

Skill      XL: |  1  2  3  4  5  6  7  8  9 10 11 12 13 14 15 16 17 18 19 20 |
---------------+-------------------------------------------------------------+-----
Axes           | 4 5 6 7 9 10 11 13 14 15 17 19 20 21 | 21.8
Fighting       | 4 5 6 8 9 10 11 13 14 16 18 19 | 19.6
Armour         | 3 4 5 6 7 8 9 10 11 12 13 14 15 16 17 | 17.2
Dodging        | 3 4 5 6 7 8 9 10 11 12 14 15 16 | 16.7
Evocations     | 1 3 5 7 8 10 11 | 11.3
Throwing       | 8 10 11 12 | 12.1

Action                   |  1- 3 |  4- 6 |  7- 9 | 10-12 | 13-15 | 16-18 | 19-21 || total
-------------------------+-------+-------+-------+-------+-------+-------+-------++-------
Melee: Hand axe          |    79 |    94 |   160 |   339 |   515 |       |       ||  1187
       Headbutt          |     5 |    20 |    29 |    65 |   281 |   295 |   182 ||   877
       Flail             |       |       |       |    13 |     8 |       |       ||    21
       Battleaxe         |       |       |       |       |   779 |  1110 |   593 ||  2482
Throw: Tomahawk          |       |       |       |     9 |     5 |   374 |    20 ||   408
       Javelin           |       |       |       |       |       |     2 |    81 ||    83
Invok: Berserk           |     2 |     5 |     9 |    13 |    29 |    35 |    16 ||   109
       Trog's Hand       |       |     3 |     2 |    10 |    24 |    39 |    21 ||    99
       Burn Spellbooks   |       |       |     2 |     1 |     2 |     3 |     3 ||    11
       Brothers in Arms  |       |       |       |     2 |     4 |     9 |     1 ||    16
 Abil: Evoke Flight      |       |       |       |       |     2 |       |       ||     2
Evoke: Wand              |       |       |       |     9 |     3 |    10 |       ||    22
       Lamp of fire      |       |       |       |       |     1 |     2 |     1 ||     4
       Lightning rod     |       |       |       |       |       |     2 |     5 ||     7
       Phial of floods   |       |       |       |       |       |       |     1 ||     1
  Use: Scroll            |       |       |    15 |     5 |    19 |    13 |     5 ||    57
       Potion            |       |       |       |     1 |       |    10 |     7 ||    18
 Stab: Distracted        |     1 |       |       |       |     1 |     2 |       ||     4
       Paralysed         |       |       |       |     5 |     3 |       |       ||     8
  Eat: Chunk             |     2 |     7 |    11 |    28 |    57 |    55 |    40 ||   200
       Ration            |       |     1 |     3 |     2 |     9 |    19 |       ||    34
Armor: Animal skin       |    15 |     6 |       |       |       |       |       ||    21
       Ring mail         |       |    11 |    51 |    16 |       |       |       ||    78
       Plate armour      |       |       |       |   164 |   634 |   760 |   303 ||  1861
Dodge: Dodged            |    55 |    56 |    79 |   197 |   602 |   652 |   297 ||  1938
Block: Buckler           |       |       |       |       |     8 |       |       ||     8
